 Dungeon Crawl Stone Soup version 0.27.1-34-g3ba077fa99 (webtiles) character file.

Game seed: 9608765013012573244

2778 mtoz the Cleaver (level 9, 0/123 HPs)
             Began as a Minotaur Berserker on Jan 11, 2022.
             Was a Priest of Trog.
             Slain by a ten-headed hydra (4 damage)
             ... on level 7 of the Dungeon.
             The game lasted 00:19:54 (5215 turns).

mtoz the Cleaver (Minotaur Berserker)               Turns: 5215, Time: 00:19:56

Health: 0/123      AC: 21    Str: 25    XL:     9   Next: 42%
Magic:  8/8        EV:  9    Int:  4    God:    Trog [***...]
Gold:   287        SH:  0    Dex: 10    Spells: 8/8 levels left

rFire    . . .     SeeInvis .   d - +0 war axe
rCold    . . .     Faith    .   (no shield)
rNeg     . . .     Spirit   .   w - +0 plate armour
rPois    .         Reflect  .   (helmet restricted)
rElec    .         Harm     .   (no cloak)
rCorr    +         Rampage  .   b - +2 pair of gloves
Will     ++...                  (no boots)
Stlth    ..........             m - amulet of regeneration
HPRegen  2.30/turn              x - ring of resist corrosion
MPRegen  0.11/turn              B - +4 ring of protection

@: berserking, strong-willed, regenerating, very quick
A: horns 2, retaliatory headbutt
a: Renounce Religion, Berserk, Trog's Hand


You were on level 7 of the Dungeon.
You worshipped Trog.
Trog was most pleased with you.
You visited 1 branch of the dungeon, and saw 7 of its levels.

You collected 287 gold pieces.

Inventory:

Hand Weapons
 d - a +0 war axe (weapon)
 f - a +2 morningstar of venom
 r - a +0 morningstar of holy wrath
Armour
 b - a +2 pair of gloves (worn)
 w - a +0 plate armour (worn)
Jewellery
 m - an amulet of regeneration (around neck)
 x - a ring of resist corrosion (left hand)
 B - a +4 ring of protection (right hand)
 C - a ring of flight
Wands
 s - a wand of flame (10)
Scrolls
 c - a scroll of teleportation
 h - a scroll of immolation {unknown}
 j - a scroll of silence
 l - a scroll of enchant weapon {unknown}
 n - a scroll of blinking {unknown}
 q - a scroll of holy word {unknown}
 u - a scroll of magic mapping
 A - a scroll of vulnerability {unknown}
Potions
 a - a potion of lignification {unknown}
 e - 2 potions of flight {unknown}
 g - 2 potions of heal wounds {unknown}
 i - a potion of degeneration {unknown}
 k - a potion of cancellation {unknown}
 o - a potion of brilliance {unknown}
 p - 2 potions of might {unknown}


   Skills:
 + Level 8.6 Fighting
 + Level 8.6 Axes
 + Level 8.2 Armour
 + Level 7.4 Dodging


You had 8 spell levels left.
You didn't know any spells.
Your spell library was empty.

Dungeon Overview and Level Annotations

Branches:
Dungeon (7/15)             Temple (0/1) D:5

Altars:
Wu Jian

Shops:
D:5 *


Innate Abilities, Weirdness & Mutations

You have a pair of horns on your head.
You reflexively headbutt those who attack you in melee.


Message History

The nine-headed hydra bites you but does no damage. x4
The nine-headed hydra bites you!
The nine-headed hydra bites you but does no damage.
The nine-headed hydra barely misses you.
The howler monkey hoots and howls with incredible vigour!
The nine-headed hydra bites you!
* * * LOW HITPOINT WARNING * * *
The nine-headed hydra bites you but does no damage. x8
A red film seems to cover your vision as you go berserk!
You feel yourself moving faster!
You feel mighty!
The nine-headed hydra bites you but does no damage. x3
The nine-headed hydra completely misses you.
The nine-headed hydra bites you but does no damage. x3
The nine-headed hydra bites you!
* * * LOW HITPOINT WARNING * * *
The nine-headed hydra bites you but does no damage.
Unknown command.
Unknown command.
Unknown command.
Unknown command.
You are too berserk!
Unknown command.
You slice one of the nine-headed hydra's heads off!
The eight-headed hydra grows two more!
You slash the ten-headed hydra!
Your headbutt misses the ten-headed hydra.
The ten-headed hydra is moderately wounded.
The ten-headed hydra bites you but does no damage.
The ten-headed hydra bites you.
* * * LOW HITPOINT WARNING * * *
The ten-headed hydra bites you.
* * * LOW HITPOINT WARNING * * *
The ten-headed hydra bites you but does no damage.
The ten-headed hydra bites you.
* * * LOW HITPOINT WARNING * * *
The ten-headed hydra barely misses you.
The ten-headed hydra bites you but does no damage. x2
The ten-headed hydra bites you!
* * * LOW HITPOINT WARNING * * *
The ten-headed hydra bites you.
You die...

##. #.# ## .< ####.####
.. #. #........
#.#P##.## #........
#.......# #### #........
#......h###.. #.......)
#.....KKT##.#
###........
###...P#D##.#
#.........#
##..##.@..####.........#
#..P ####..........#####
#..♣ ###.####.....# .
#P.P #...#####....# #
#..≈ ###..........#
#########..# .. ...#
#....# ##..


You could see a ten-headed hydra, a troll, a howler monkey (catching breath) and
2 kobolds.

Vanquished Creatures
  A hornet (D:5)
  Grinder (D:5)
  A shadow (D:5)
  A steam dragon (D:5)
  A hornet zombie (D:6)
  A black bear (D:5)
  An ice beast (D:5)
  An orc warrior (D:6)
  2 sky beasts
  An ogre (D:5)
  A necrophage (D:7)
  A phantom (D:5)
  A kobold brigand (D:5)
  2 bullfrogs
  6 scorpions
  A wyvern skeleton (D:5)
  A killer bee (D:5)
  A centaur zombie (D:6)
  A centaur skeleton (D:5)
  3 hounds
  A jelly (D:6)
  A bullfrog skeleton (D:5)
  5 iguanas
  A scorpion zombie (D:5)
  3 orc wizards
  A killer bee zombie (D:6)
  A hound zombie (D:5)
  A howler monkey skeleton (D:6)
  5 adders
  3 shadow imps
  A white imp (D:6)
  An adder skeleton (D:5)
  4 worms
  A dart slug (D:3)
  15 orcs
  9 ball pythons
  9 endoplasms
  7 giant cockroaches
  8 goblins
  6 hobgoblins
  7 jackals
  5 kobolds
  3 quokkas
  5 bats
  5 frilled lizards
  5 rats
142 creatures vanquished.

Vanquished Creatures (others)
  4 plants (D:7)
4 creatures vanquished.

Grand Total: 146 creatures vanquished

Notes
Turn   | Place    | Note
-------+----------+-------------------------------------------
     0 | D:1      | mtoz the Minotaur Berserker began the quest for the Orb.
     0 | D:1      | Reached XP level 1. HP: 19/19 MP: 0/0
   268 | D:1      | Found a faded altar of an unknown god.
   396 | D:1      | Reached XP level 2. HP: 26/27 MP: 1/1
   959 | D:1      | Reached XP level 3. HP: 33/33 MP: 2/2
  1121 | D:1      | Reached ** piety under Trog
  2071 | D:3      | Reached XP level 4. HP: 39/41 MP: 3/3
  2724 | D:4      | Reached XP level 5. HP: 39/47 MP: 4/4
  2889 | D:4      | Found an ornate altar of the Wu Jian Council.
  3129 | D:5      | Entered Level 5 of the Dungeon
  3265 | D:5      | Reached skill level 5 in Fighting
  3265 | D:5      | Reached skill level 5 in Axes
  3265 | D:5      | Reached XP level 6. HP: 50/56 MP: 5/5
  3351 | D:5      | Noticed Grinder
  3370 | D:5      | Killed Grinder
  3371 | D:5      | Reached skill level 5 in Armour
  3371 | D:5      | Reached XP level 7. HP: 58/62 MP: 6/6
  3463 | D:5      | Found a staircase to the Ecumenical Temple.
  3467 | D:5      | Noticed a steam dragon
  3469 | D:5      | Reached *** piety under Trog
  3487 | D:5      | Reached skill level 5 in Dodging
  3494 | D:5      | Killed a steam dragon
  3531 | D:5      | Identified the +0 helmet "Rafez" {rN+ Regen+ Str-4 SInv}
  3572 | D:5      | Found Gofead's General Store.
  3793 | D:5      | Found a large runed translucent door.
  3793 | D:5      | Found a large runed translucent door.
  3840 | D:5      | Noticed a shadow
  3847 | D:5      | Reached XP level 8. HP: 68/71 MP: 7/7
  3861 | D:5      | Identified the +0 helmet "Demaog" {Dex+6}
  3912 | D:5      | Found a large runed translucent door.
  3912 | D:5      | Found a large runed translucent door.
  4049 | D:5      | Noticed a hornet
  4056 | D:5      | Paralysed by a hornet for 1 turns
  4061 | D:5      | Killed a hornet
  4539 | D:6      | Reached XP level 9. HP: 63/81 MP: 8/8
  5198 | D:7      | Noticed a troll
  5199 | D:7      | Noticed a four-headed hydra
  5200 | D:7      | Noticed a troll
  5215 | D:7      | HP: 4/123 [ten-headed hydra (7)]
  5215 | D:7      | Slain by a ten-headed hydra

Illustrated notes

Levels and vault maps discovered:
D:1:      minmay_arrival_statue_studded, layout_loops_ring,
          dreamdust_ecumenical_altar_hidden_monk_grotto, minmay_crystal_room,
          chequers_arboretum
D:2:      layout_basic
D:3:      layout_basic
D:4:      layout_basic, nicolae_wu_jian_wuxing_cycle
D:5:      layout_basic, minmay_temple_entry_antechambers, serial_shops,
          nicolae_shop_trees, glass_columns_a, minmay_hollow_rounded_squares,
          uniq_grinder
D:6:      layout_loops_ring
D:7:      layout_rooms, mainiacjoe_overflow_big_doors, serial_co_window_serial,
          co_window_corner_a, co_window_paths_a, co_window_corner_a,
          co_window_corner_a, co_window_corner_a, co_window_cross_2,
          co_window_of_opportunity_b, co_window_2corner, co_window_4corner_b,
          glass_columns_a, gammafunk_ghost_berserking_beasts,
          corexii_checkpoint_b, hellmonk_guarded_unrand_vines

Skill      XL: |  1  2  3  4  5  6  7  8  9 |
---------------+----------------------------+-----
Fighting       | 4 5 6 8 |  8.6
Axes           | 4 5 6 8 |  8.6
Armour         | 3 4 5 6 7 8 |  8.2
Dodging        | 3 4 5 6 7 |  7.4

Action                   |  1- 3 |  4- 6 |  7- 9 || total
-------------------------+-------+-------+-------++-------
Melee: Hand axe          |    98 |    94 |   175 ||   367
       Headbutt          |    12 |    16 |    39 ||    67
       War axe           |       |       |    61 ||    61
Invok: Trog's Hand       |     1 |     1 |     9 ||    11
       Berserk           |       |       |     4 ||     4
  Use: Scroll            |       |     1 |     4 ||     5
Armor: Animal skin       |    20 |       |       ||    20
       Leather armour    |     6 |       |       ||     6
       Ring mail         |     3 |     8 |       ||    11
       Plate armour      |       |    25 |   206 ||   231
Dodge: Dodged            |    63 |    37 |   130 ||   230
